 Dungeon Crawl Stone Soup version 0.32-a0-818-gb728d0252e (webtiles) character file.

Game seed: 1496393932080661299

110432 shadizar the Eclecticist (level 17, -2/123 HPs)
             Began as a Djinni Fire Elementalist on Mar 23, 2024.
             Was the Champion of Makhleb.
             Slain by a +1 glaive of venom (4 damage)
             ... on level 2 of the Orcish Mines.
             The game lasted 01:11:10 (29943 turns).

shadizar the Eclecticist (DjFE)                    Turns: 29943, Time: 01:11:11

Health: -2/123     AC: 17    Str: 10    XL:     17   Next: 10%
Gold:   2465       EV: 18    Int: 23    God:    Makhleb [******] SH: 20 Dex: 19

rFire   + + +        Y - staff of fire
rCold   x . .        V - +2 tower shield
rNeg    + . .        g - +0 acid dragon scales
rPois   ∞            Q - +2 helmet of Seuz {Will+ Dex+3}
rElec   .            s - +1 cloak
rCorr   +            S - +0 pair of gloves {Str+3}
SInv    .            (boots unavailable)
Will    ++...        R - amulet "Kahoc" {Spirit rCorr}
Stlth   +++          K - +5 ring of evasion
HPRegen 0.40/turn    a - ring of positive energy
MPRegen 0.00/turn

%: guardian spirit, infuse magic (-3 HP)
@: flying
A: sickness immunity, fire resistance 2, cold vulnerability 1, float, innate
caster, HP casting, extra vitality 1, iridescent scales 1
a: Renounce Religion, Minor Destruction, Lesser Servant of Makhleb, Major
Destruction, Greater Servant of Makhleb


You were on level 2 of the Orcish Mines.
You worshipped Makhleb.
Makhleb was exalted by your worship.
You visited 5 branches of the dungeon, and saw 23 of its levels.
You also visited: Gauntlet and Volcano.

You collected 3158 gold pieces.
You spent 693 gold pieces at shops.

Inventory:

Hand Weapons
 u - the +5 Force Lance {heavy, knockback}
   (You found it on level 2 of the Lair of Beasts)
 W - the +3 sling "Jatucell" {flame, +Blink rPois Str+3 Int+4}
   (You found it in a Gauntlet)

   Str+3:     It affects your strength (+3).
   Int+4:     It affects your intelligence (+4).
   rPois:     It protects you from poison.
   +Blink:    It lets you blink.
Missiles
 T - 6 javelins
Armour
 g - +0 acid dragon scales (worn)
 s - a +1 cloak (worn)
 w - a +0 kite shield
 M - the +1 buckler of Summertime {rC+}
   (You found it on level 12 of the Dungeon)

   rC+:       It protects you from cold.
 N - +0 swamp dragon scales
 Q - the +2 helmet of Seuz (worn) {Will+ Dex+3}
   (You found it in a Gauntlet)

   Dex+3:     It affects your dexterity (+3).
   Will+:     It increases your willpower.
 S - a +0 pair of gloves of strength (worn)
 V - a +2 tower shield (worn)
Magical Staves
 Y - a staff of fire (weapon)
Jewellery
 a - a ring of positive energy (right hand)
 l - a ring of positive energy
 r - a +6 ring of strength
 x - an amulet of reflection
 z - a ring of willpower
 C - a ring of wizardry
 D - a ring of ice
 K - a +5 ring of evasion (left hand)
 R - the amulet "Kahoc" (around neck) {Spirit rCorr}
   (You found it in a Gauntlet)

   [amulet of guardian spirit]

   Spirit:    It causes incoming damage to be divided between your reserves of
   health and magic.
   rCorr:     It protects you from acid and corrosion.
Wands
 b - a wand of flame (40)
 d - a wand of roots (5)
 e - a wand of paralysis (13)
 y - a wand of quicksilver (8)
 F - a wand of mindburst (11)
 I - a wand of digging (5)
 J - a wand of polymorph (10)
Scrolls
 c - a scroll of enchant weapon
 i - 3 scrolls of identify
 j - 3 scrolls of enchant armour
 q - 2 scrolls of teleportation
Potions
 f - a potion of cancellation
 h - 3 potions of heal wounds
 k - 3 potions of resistance
 m - 4 potions of haste
 n - 2 potions of enlightenment
 p - a potion of invisibility
 A - 2 potions of ambrosia {unknown}
 B - 2 potions of brilliance
 L - a potion of curing
 O - a potion of berserk rage
 P - 2 potions of magic {unknown}


   Skills:
 + Level 11.6 Fighting
 - Level 9.0 Armour
 - Level 11.0 Dodging
 - Level 4.1 Stealth
 - Level 11.3 Shields
 * Level 16.4 Spellcasting
 * Level 16.4 Conjurations
 * Level 16.4 Hexes
   Level 0.0 Charms
 * Level 16.4 Summonings
 * Level 16.4 Necromancy
 * Level 16.4 Translocations
   Level 0.0 Transmutations
 * Level 16.4 Fire Magic
 * Level 16.4 Ice Magic
 * Level 16.4 Air Magic
 * Level 16.4 Earth Magic
 * Level 16.4 Alchemy


You knew the following spells:

 Your Spells              Type           Power      Damage    Failure   Level
a - Foxfire               Conj/Fire      100%       2x1d9     1%          1
b - Scorch                Fire           100%       2d9       1%          2
c - Volatile Blastmotes   Fire/Tloc      100%       2d18      1%          3
d - Inner Flame           Hex/Fire       97%        N/A       1%          3
e - Flame Wave            Conj/Fire      97%        2d20      1%          4
f - Freeze                Ice            100%       1d10      1%          1
g - Searing Ray           Conj           100%       2d8       1%          2
h - Lesser Beckoning      Tloc           100%       N/A       1%          2
i - Manifold Assault      Tloc           76%        N/A       1%          4
j - Fireball              Conj/Fire      48%        3d19      1%          5
k - Silence               Hex/Air        38%        N/A       1%          5
l - Eringya's Noxious Bo  Alch           38%        4d6       8%          6
m - Dispersal             Tloc           38%        N/A       8%          6
Your spell library was empty.

Dungeon Overview and Level Annotations

Branches:
Dungeon (14/15)            Temple (1/1) D:6            Lair (5/5) D:10
 Shoals (0/4) Lair:3       Spider (0/4) Lair:3        Slime (0/5) Lair:4
    Orc (2/2) D:12            Elf (1/3) Orc:2        Vaults (0/5) D:13
Volcano (visited)         Gauntlet (visited)

Altars:
Ashenzari
Cheibriados
Dithmenos
Elyvilon
Fedhas
Gozag
Hepliaklqana
Makhleb
Nemelex Xobeh
Okawaru
Qazlal
Ru
Trog
Uskayaw
Wu Jian
Xom
Yredelemnul
Zin
The Shining One
Beogh
Jiyva

Shops:
D:4 *:[*!   D:11 [   Orc:1 [   Orc:2 ([([

Portals:
Trove: D:12 (give +6 fire dragon scales)

Annotations:
Lair:1 3 runed translucent doors, Konar's ghost, journeyman CoHu
Lair:4 2 transporters, Ginaus's ghost, journeyman DsWn
Elf:1 Zenata


Innate Abilities, Weirdness & Mutations

You are immune to sickness and miasma.
You are immune to poison.
Your flesh is very heat resistant. (rF++)
You are vulnerable to cold. (rC-)
You float through the air rather than walking.
You learn spells naturally, not from books.
Your magical power is your life essence.
You have superior vitality. (+4 MHP)
You are partially covered in iridescent scales. (AC +2)


Message History

Unknown command.
Unknown command.
Unknown command.
Unknown command.
Unknown command.
Unknown command.
Unknown command.
Unknown command.
A wave of flame ripples out!
The flame wave engulfs the +1 glaive of venom.
The +1 glaive of venom resists.
The +1 glaive of venom is lightly damaged.
The flame wave engulfs the deep elf zephyrmancer!!
You kill the deep elf zephyrmancer!
Makhleb accepts your kill.
You feel better.
* * * LOW HITPOINT WARNING * * *
You block the +1 glaive of venom's attack.
Unknown command.
Unknown command.
Unknown command.
Unknown command.
Casting: Flame Wave (mildly dangerous; 1% risk of failure)
Confirm with . or Enter, or press ? or * to list all spells.
Aiming: Searing Ray (safe; 1% risk of failure)
Press: ? - help, Shift-Dir - straight line, f - +1 glaive of venom
Aim: a +1 glaive of venom (68% to hit)
The searing ray hits the +1 glaive of venom but does no damage. (Press . to maintain the ray.)
* * * LOW HITPOINT WARNING * * *
The +1 glaive of venom hits you!!
* * * LOW HITPOINT WARNING * * *
Unknown command.
Unknown command.
Unknown command.
Unknown command.
You feel much better. The +1 glaive of venom hits you!!
* * * LOW HITPOINT WARNING * * *
The +1 glaive of venom hits you.
You die...

##.#......#...[.#.....#.....#
#..........................#.
##................[..........
##.............[[..)..........
#.........[[..................
##.........[[.................
###.....[[.[......[......#...
##.#...........))[[[.........
#
#.........#(@...[[[[......#..
#
#.......#.#..)...[[[.....###.
#
##..#..#.########))[#######..
####.....# ##.[)....## #..
##...## #..#..[#..# #.. ###.##
##.........## #.# ###.#.##
#...#...#.).# ### ###
##......# ##......[....##
..####....#.####....#...#....#


You could see a +1 glaive of venom.

Vanquished Creatures
  An orc warlord (Orc:2)
  A minotaur (Gauntlet)
  A fire dragon (Lair:5)
  Josephine (D:12)
  2 vault guards
  4 hydras
  A ghost crab (Gauntlet)
  9 two-headed ogres
  A boulder beetle (Lair:1)
  An alligator (Lair:5)
  Erica (Lair:2)
  11 death yaks
  2 centaur warriors (D:13)
  2 death scarabs (Gauntlet)
  6 orc high priests (Orc:2)
  A hell hog (Lair:5)
  2 fire crabs
  2 spectral hydras (Gauntlet)
  An orb spider (Lair:3)
  A glowing orange brain (D:13)
  2 lindwurms (Lair:5)
  15 orc knights (Orc:2)
  A deep elf pyromancer (Elf:1)
  8 ugly things
  2 deep elf zephyrmancers
  A manticore (D:12)
  6 orc sorcerers (Orc:2)
  A cyclops (shapeshifter) (D:11)
  12 elephants
  3 kobold blastminers
  A cyclops (D:13)
  4 black mambas
  2 gargoyles
  5 torpor snails (Lair:5)
  An unseen horror (D:11)
  8 komodo dragons
  An eye of devastation (Gauntlet)
  3 efreet
  4 rime drakes
  10 cane toads
  13 hornets
  2 trolls
  11 polar bears (Lair:5)
  4 tyrant leeches (Lair:5)
  40 blink frogs
  A glass eye (Gauntlet)
  2 raiju (Lair:5)
  6 wraiths (D:12)
  5 wyverns
  A shadow (D:11)
  99 yaks
  A fire elemental (Volcano)
  A human (shapeshifter) (D:11)
  A basilisk (shapeshifter) (D:11)
  2 steam dragons
  7 wargs
  5 basilisks
  A neqoxec (Gauntlet)
  2 chaos spawn (Gauntlet)
  10 vampire mosquitoes
  16 hell hounds
  15 water moccasins
  5 acid dragons
  39 orc warriors
  An ice beast (D:5)
  2 sky beasts (D:8)
  17 black bears
  21 wolves
  8 centaurs
  5 kobold brigands
  13 bullfrogs
  5 gnoll sergeants
  A scorpion (D:6)
  12 wights
  2 killer bees (D:9)
  8 howler monkeys
  An electric eel (Lair:1)
  5 hounds
  7 jellies
  A gnoll bouda (Lair:2)
  36 orc priests
  3 iguanas
  4 sleepcaps
  17 orc wizards
  25 gnolls
  4 adders
  2 white imps
  2 dart slugs
  A ribbon worm (D:3)
  82 orcs
  3 ball pythons
  9 endoplasms
  6 giant cockroaches
  4 goblins
  7 hobgoblins
  15 kobolds
  8 quokkas
  5 bats
  2 frilled lizards
  5 rats
779 creatures vanquished.

Vanquished Creatures (collateral kills)
  47 foxfires
47 creatures vanquished.

Vanquished Creatures (others)
  A water moccasin (Lair:5)
  2216 foxfires
2217 creatures vanquished.

Grand Total: 3043 creatures vanquished

Notes
Turn   | Place    | Note
-------+----------+-------------------------------------------
     0 | D:1      | shadizar the Djinni Fire Elementalist began the quest for
                  | the Orb.
     0 | D:1      | shadizar set off with the following spells memorised:
                  | Foxfire, Scorch, Volatile Blastmotes, Inner Flame, Flame
                  | Wave.
     0 | D:1      | Reached XP level 1. HP: 15/15 MP: 0/0
   266 | D:1      | Reached XP level 2. HP: 16/21 MP: 0/0
   607 | D:1      | Reached XP level 3. HP: 16/25 MP: 0/0
   607 | D:1      | Learned a level 1 spell: Freeze
  1664 | D:2      | Reached XP level 4. HP: 28/31 MP: 0/0
  2117 | D:3      | Found a glowing golden altar of the Shining One.
  2117 | D:3      | Found a basalt altar of Yredelemnul.
  2127 | D:3      | Found a white marble altar of Elyvilon.
  2133 | D:3      | Found a faded altar of an unknown god.
  2134 | D:3      | Found a burning altar of Makhleb.
  2152 | D:3      | Became a worshipper of Makhleb the Destroyer
  2536 | D:3      | Found an ornate altar of the Wu Jian Council.
  2672 | D:4      | Found Codan's Assorted Antiques.
  2692 | D:4      | Noticed a black bear
  2700 | D:4      | Killed a black bear
  2701 | D:4      | Reached skill level 5 in Spellcasting
  2701 | D:4      | Reached skill level 5 in Conjurations
  2701 | D:4      | Reached skill level 5 in Hexes
  2701 | D:4      | Reached skill level 5 in Summonings
  2701 | D:4      | Reached skill level 5 in Necromancy
  2701 | D:4      | Reached skill level 5 in Translocations
  2701 | D:4      | Reached skill level 5 in Fire Magic
  2701 | D:4      | Reached skill level 5 in Ice Magic
  2701 | D:4      | Reached skill level 5 in Air Magic
  2701 | D:4      | Reached skill level 5 in Earth Magic
  2701 | D:4      | Reached skill level 5 in Alchemy
  2701 | D:4      | Reached XP level 5. HP: 28/35 MP: 0/0
  2701 | D:4      | Learned a level 2 spell: Searing Ray
  2703 | D:4      | Reached XP level 6. HP: 30/40 MP: 0/0
  2776 | D:4      | Noticed a steam dragon
  2786 | D:4      | Killed a steam dragon
  2961 | D:4      | Found Yhioman's Mayhem Merchandise.
  2978 | D:4      | Reached XP level 7. HP: 41/45 MP: 0/0
  2978 | D:4      | Learned a level 2 spell: Lesser Beckoning
  3024 | D:4      | Found Umaeps's Book Emporium.
  3062 | D:4      | Found Mucunapt's Antique Armour Emporium.
  3282 | D:4      | Found Mosuet's Distillery.
  3620 | D:5      | Entered Level 5 of the Dungeon
  3642 | D:5      | Reached * piety under Makhleb
  3782 | D:5      | Found a shadowy altar of Dithmenos.
  3973 | D:5      | Reached XP level 8. HP: 44/50 MP: 0/0
  4794 | D:6      | Found a bloodstained altar of Trog.
  4849 | D:6      | Reached skill level 1 in Fighting
  4849 | D:6      | Reached skill level 1 in Shields
  4859 | D:6      | Found a staircase to the Ecumenical Temple.
  4866 | Temple   | Entered the Ecumenical Temple
  4984 | D:6      | Reached XP level 9. HP: 56/58 MP: 0/0
  4984 | D:6      | Learned a level 4 spell: Manifold Assault
  5138 | D:6      | Reached ** piety under Makhleb
  5979 | D:7      | Noticed a gargoyle
  5996 | D:7      | Killed a gargoyle
  5997 | D:7      | Reached skill level 5 in Dodging
  6259 | D:8      | Reached XP level 10. HP: 67/67 MP: 0/0
  6670 | D:8      | Found a stormy altar of Qazlal.
  7305 | D:8      | Reached skill level 5 in Fighting
  7305 | D:8      | Reached skill level 5 in Shields
  7413 | D:8      | Found a hide-covered altar of Uskayaw.
  7435 | D:8      | Reached *** piety under Makhleb
  7597 | D:8      | Found a glowing silver altar of Zin.
  7854 | D:8      | HP: 1/70 [hornet (14)]
  8613 | D:8      | Noticed a red ugly thing
  8670 | D:7      | Killed a red ugly thing
  8671 | D:7      | Reached XP level 11. HP: 13/76 MP: 0/0
  8671 | D:7      | Learned a level 5 spell: Fireball
 10538 | D:10     | Entered Level 10 of the Dungeon
 10622 | D:10     | Found an iron altar of Okawaru.
 10728 | D:10     | Reached **** piety under Makhleb
 10966 | D:10     | Noticed a two-headed ogre
 10970 | D:10     | Killed a two-headed ogre
 10971 | D:10     | Reached XP level 12. HP: 70/85 MP: 0/0
 11082 | D:10     | Found a staircase to the Lair.
 11602 | Lair:1   | Entered Level 1 of the Lair of Beasts
 11628 | Lair:1   | Reached skill level 10 in Spellcasting
 11628 | Lair:1   | Reached skill level 10 in Conjurations
 11628 | Lair:1   | Reached skill level 10 in Hexes
 11628 | Lair:1   | Reached skill level 10 in Summonings
 11628 | Lair:1   | Reached skill level 10 in Necromancy
 11628 | Lair:1   | Reached skill level 10 in Translocations
 11628 | Lair:1   | Reached skill level 10 in Fire Magic
 11628 | Lair:1   | Reached skill level 10 in Ice Magic
 11628 | Lair:1   | Reached skill level 10 in Air Magic
 11628 | Lair:1   | Reached skill level 10 in Earth Magic
 11628 | Lair:1   | Reached skill level 10 in Alchemy
 11720 | Lair:1   | Reached skill level 1 in Armour
 11880 | Lair:1   | Reached skill level 5 in Armour
 12570 | Lair:1   | Reached ***** piety under Makhleb
 12572 | Lair:1   | Noticed a four-headed hydra
 12820 | Lair:1   | Found a runed translucent gate.
 12820 | Lair:1   | Found a runed translucent gate.
 12820 | Lair:1   | Found a runed translucent gate.
 12821 | Lair:1   | Noticed Konar's ghost (journeyman CoHu)
 12957 | Lair:1   | Killed a four-headed hydra
 13295 | Lair:1   | Found a viscous altar of Jiyva.
 13419 | Lair:2   | Reached XP level 13. HP: 71/90 MP: 0/0
 13419 | Lair:2   | Learned a level 5 spell: Silence
 13479 | Lair:2   | Found a dark tunnel.
 13499 | Volcano  | Entered a volcano
 13499 | Volcano  | Found a broken altar of Ashenzari.
 14402 | Lair:2   | Found the +5 Force Lance {heavy, knockback}
 14421 | Lair:2   | Noticed Erica
 15042 | Lair:2   | Killed Erica
 16176 | Lair:3   | Noticed a seven-headed hydra
 16185 | Lair:3   | Killed a seven-headed hydra
 16481 | Lair:3   | Found a staircase to the Shoals.
 16489 | Lair:3   | Reached XP level 14. HP: 95/96 MP: 0/0
 16787 | Lair:3   | Found a hole to the Spider Nest.
 17451 | Lair:4   | Found a staircase to the Slime Pits.
 17499 | Lair:4   | Reached ****** piety under Makhleb
 17923 | Lair:4   | Reached skill level 10 in Shields
 18150 | Lair:4   | Found a transporter.
 18155 | Lair:4   | Noticed Ginaus's ghost (journeyman DsWn)
 18174 | Lair:4   | Found a transporter.
 18502 | Lair:5   | Entered Level 5 of the Lair of Beasts
 19551 | Lair:5   | Reached XP level 15. HP: 73/106 MP: 0/0
 19551 | Lair:5   | Learned a level 6 spell: Eringya's Noxious Bog
 19817 | Lair:5   | Reached skill level 10 in Fighting
 21590 | Lair:5   | Reached skill level 15 in Spellcasting
 21590 | Lair:5   | Reached skill level 15 in Conjurations
 21590 | Lair:5   | Reached skill level 15 in Hexes
 21590 | Lair:5   | Reached skill level 15 in Summonings
 21590 | Lair:5   | Reached skill level 15 in Necromancy
 21590 | Lair:5   | Reached skill level 15 in Translocations
 21590 | Lair:5   | Reached skill level 15 in Fire Magic
 21590 | Lair:5   | Reached skill level 15 in Ice Magic
 21590 | Lair:5   | Reached skill level 15 in Air Magic
 21590 | Lair:5   | Reached skill level 15 in Earth Magic
 21590 | Lair:5   | Reached skill level 15 in Alchemy
 22350 | D:11     | Found Teowearorr's Armour Boutique.
 22514 | D:11     | Reached XP level 16. HP: 76/114 MP: 0/0
 23265 | D:12     | Noticed Josephine
 23278 | D:12     | Killed Josephine
 23309 | D:12     | Found a roughly hewn altar of Beogh.
 23309 | D:12     | Found a staircase to the Orcish Mines.
 23469 | D:12     | Found a gate leading to a gauntlet.
 23469 | D:12     | Identified the +1 buckler of Summertime {rC+}
 23489 | Gauntlet | Entered a Gauntlet
 23489 | Gauntlet | Found a transporter.
 23659 | Gauntlet | Found a transporter.
 23664 | Gauntlet | Found a transporter.
 23668 | Gauntlet | Found a runed translucent door.
 23670 | Gauntlet | Found a runed translucent door.
 23672 | Gauntlet | Found a transporter.
 23676 | Gauntlet | Found a transporter.
 23684 | Gauntlet | Found a transporter.
 23688 | Gauntlet | Found a transporter.
 23694 | Gauntlet | Found a transporter.
 23702 | Gauntlet | Found a transporter.
 23706 | Gauntlet | Found a transporter.
 23712 | Gauntlet | Found a transporter.
 23720 | Gauntlet | Found a transporter.
 23767 | Gauntlet | Found a transporter.
 23779 | Gauntlet | Found a transporter.
 23806 | Gauntlet | Gained mutation: You are partially covered in iridescent
                  | scales. (AC +2) [a neqoxec]
 23876 | Gauntlet | Identified the +2 helmet of Seuz {Will+ Dex+3}
 24030 | Gauntlet | Identified the amulet "Kahoc" {Spirit rCorr}
 24105 | Gauntlet | Reached skill level 10 in Dodging
 24241 | Gauntlet | Identified the +3 sling "Jatucell" {flame, +Blink rPois
                  | Str+3 Int+4}
 24684 | D:12     | Found a portal to a secret trove of treasure.
 25193 | Orc:1    | Entered Level 1 of the Orcish Mines
 25293 | Orc:1    | Found Taerph's Armour Emporium.
 25386 | Orc:2    | Entered Level 2 of the Orcish Mines
 26195 | Orc:2    | Found a roughly hewn altar of Beogh.
 26355 | Orc:2    | Found a staircase to the Elven Halls.
 27260 | Orc:2    | Found Ysassaq's Antique Weapon Shop.
 27260 | Orc:2    | Found Saebosal's Armour Shop.
 27261 | Orc:2    | Found Arupaok's Armour Boutique.
 27261 | Orc:2    | Found Todalo's Weapon Shop.
 27272 | Orc:2    | Bought a +2 tower shield for 231 gold pieces
 27939 | Orc:2    | Bought a +0 pair of gloves of strength for 138 gold pieces
 28222 | D:4      | Bought a transparent ring mail for 198 gold pieces
 28222 | D:4      | Identified the +1 ring mail of New Discoveries {*Corrode
                  | Str+3 Int+3} (You bought it in a shop on level 4 of the
                  | Dungeon)
 28432 | Orc:1    | Bought a +1 cloak for 126 gold pieces
 29050 | D:13     | Reached XP level 17. HP: 114/121 MP: 0/0
 29050 | D:13     | Learned a level 6 spell: Dispersal
 29059 | D:13     | Found a gate to the Vaults.
 29932 | Elf:1    | Entered Level 1 of the Elven Halls
 29932 | Elf:1    | Noticed Zenata
 29942 | Orc:2    | HP: 5/123 [+1 glaive of venom (20)]
 29943 | Orc:2    | HP: 2/123 [+1 glaive of venom (20)]
 29943 | Orc:2    | Slain by a +1 glaive of venom

Illustrated notes

Levels and vault maps discovered:
D:1:      matt_arrival_refuge, layout_basic, hex_medium
D:2:      layout_loops_ring, minmay_misc_feat_tiny
D:3:      layout_rooms, chequers_temple_overflow_minitemple,
          mainiacjoe_overflow_surrounded_room
D:4:      layout_loops_cross, led_sif_book, serial_shops, shop, shop, shop,
          shop, minmay_shop_mayhem
D:5:      layout_loops_cross, nicolae_dithmenos_the_darkroom
D:6:      layout_rooms, trog_ov_bears_minmay, minmay_temple_entry_wispy
D:7:      layout_rooms
D:8:      cheibrodos_elevator_heist, layout_gridville,
          nicolae_qazlal_scattered_showers,
          nicolae_uskayaw_murder_on_the_dancefloor, zin_academy,
          minmay_joined_circles
D:9:      kennysheep_six_static_rooms, layout_basic, enter_bailey_1
D:10:     layout_roguey, mainiacjoe_overflow_catwalk, general_overflow_altar,
          erik_lair_orcish_takeover
D:11:     regret_index_malice_mire, layout_cave_pools, serial_shops,
          nicolae_shop_peninsula
D:12:     layout_loops_cross, david_orc_5, serial_glass, glass_columns_a,
          glass_columns_b, glass_columns_a, glass_columns_b, glass_columns_b,
          glass_columns_a, gauntlet_entry_generic, enter_trove_5,
          minmay_misc_feat_ornament, uniq_josephine
D:13:     layout_stronghold, hellmonk_vaults_order_and_chaos
D:14:     cheibrodos_frozen_isle, layout_gridville, kennysheep_small_circle,
          uniq_jorgrun, uniq_nessos
Temple:   grunt_temple_mini_profane
Lair:1:   layout_loops_ring, gammafunk_ghost_ooze, st_stairs_5,
          pdpol_lair_cavern_descent
Lair:2:   layout_misc_corridors, nicolae_volcano_entry_two_sided,
          dreamdust_deal_with_the_devil, dreamdust_gnoll_shepherd, uniq_erica
Lair:3:   layout_layer_cave, elwin_shoals_entry_rocks,
          nicolae_spider_entry_orb_guardian, roderic_carrion_pond,
          chequers_serial_rivers_micro_e
Lair:4:   layout_regular_city, nicolae_slime_entry_field_trip,
          gammafunk_ghost_arena
Lair:5:   wormcave, layout_small_grid, hangedman_lair_caniforms_friends,
          serial_bayou_shore_b
Orc:1:    layout_caves, serial_shops, shop
Orc:2:    st_orc_pillars, layout_caves, lightli_church_of_beogh
Elf:1:    minmay_elf_arrival_circle, layout_geoelf_diagonals,
          portal_desolation_entry_ruin, serial_shops,
          nicolae_shop_window_shopping, special_room
          [special_room_mythical_zoo], minmay_elf_sorcery,
          evilmike_spriggan_trog_shrine, uniq_louise, uniq_zenata, uniq_kirke,
          uniq_frances

Skill      XL: |  1  2  3  4  5  6  7  8  9 10 11 12 13 14 15 16 17 |
---------------+----------------------------------------------------+-----
Spellcasting   | 4 5 6 7 8 9 10 12 13 15 16 | 16.4
Conjurations   | 4 5 6 7 8 9 10 12 13 15 16 | 16.4
Hexes          | 4 5 6 7 8 9 10 12 13 15 16 | 16.4
Summonings     | 4 5 6 7 8 9 10 12 13 15 16 | 16.4
Necromancy     | 4 5 6 7 8 9 10 12 13 15 16 | 16.4
Translocations | 4 5 6 7 8 9 10 12 13 15 16 | 16.4
Fire Magic     | 4 5 6 7 8 9 10 12 13 15 16 | 16.4
Ice Magic      | 4 5 6 7 8 9 10 12 13 15 16 | 16.4
Air Magic      | 4 5 6 7 8 9 10 12 13 15 16 | 16.4
Earth Magic    | 4 5 6 7 8 9 10 12 13 15 16 | 16.4
Alchemy        | 4 5 6 7 8 9 10 12 13 15 16 | 16.4
Fighting       | 1 4 6 7 9 10 11 | 11.6
Stealth        | 2 4 |  4.1
Shields        | 1 4 6 8 9 10 11 | 11.3
Dodging        | 3 5 7 8 9 10 11 | 11.0
Armour         | 9 |  9.0

Action                     |  1- 3 |  4- 6 |  7- 9 | 10-12 | 13-15 | 16-18 || total
---------------------------+-------+-------+-------+-------+-------+-------++-------
  Melee: Unarmed           |     2 |       |       |       |       |       ||     2
         Whip              |       |       |       |     1 |    15 |       ||    16
   Cast: Foxfire           |   105 |   105 |   334 |   406 |   428 |     2 ||  1380
         Scorch            |     5 |     8 |    15 |    55 |   106 |    30 ||   219
         Freeze            |       |       |       |     9 |    22 |       ||    31
         Flame Wave        |       |       |       |    25 |    77 |    15 ||   117
         Searing Ray       |       |       |       |    43 |    25 |    14 ||    82
         Fireball          |       |       |       |    37 |   174 |   212 ||   423
         Volatile Blastmot |       |       |       |     1 |     1 |       ||     2
         Eringya's Noxious |       |       |       |       |    35 |    33 ||    68
    Use: Scroll            |       |       |    13 |     4 |     7 |     3 ||    27
         Potion            |       |       |     2 |     4 |     1 |     6 ||    13
 Armour: Robe              |     5 |     2 |    22 |    75 |       |       ||   104
         Acid dragon scale |       |       |       |    30 |   260 |   114 ||   404
  Dodge: Dodged            |     5 |     8 |    14 |    98 |   171 |    77 ||   373
  Block: Kite shield       |       |       |     7 |   131 |   257 |    62 ||   457
         Buckler           |       |       |     5 |       |       |       ||     5
         Tower shield      |       |       |       |       |       |    24 ||    24

Table legend: (Time is in decaauts)
 A = Elapsed time spent in this place.
 B = Non-inter-level travel time spent in this place.
 C = Inter-level travel time spent in this place.
 D = Time resting spent in this place.
 E = Time spent auto-exploring this place.
 F = Levels seen in this place.
 G = Mean time per level.
                   A        B        C        D        E       F      G
               +--------+--------+--------+--------+--------+-----+--------+
         Total |  29998 |  28275 |   1723 |      0 |  22139 |  25 | 1199.9 |
       Dungeon |  15431 |  14260 |   1171 |      0 |  11196 |  14 | 1102.2 |
        Temple |      1 |      1 |      0 |      0 |      0 |   1 |    1.0 |
          Lair |  10708 |  10405 |    303 |      0 |   8352 |   5 | 2141.6 |
  Orcish Mines |   2956 |   2708 |    248 |      0 |   2063 |   2 | 1478.0 |
   Elven Halls |      6 |      6 |      0 |      0 |      0 |   1 |    6.0 |
       Volcano |    129 |    129 |      0 |      0 |     87 |   1 |  129.0 |
      Gauntlet |    763 |    763 |      0 |      0 |    441 |   1 |  763.0 |
               +--------+--------+--------+--------+--------+-----+--------+

Top non-repeatable levels by time:
  Lair:5: 3151 daAuts
  Lair:1: 2502 daAuts
   Orc:2: 2308 daAuts
     D:8: 2138 daAuts
  Lair:4: 1946 daAuts
  Lair:3: 1567 daAuts
  Lair:2: 1541 daAuts
     D:9: 1441 daAuts
    D:12: 1354 daAuts
     D:7: 1283 daAuts
     D:4: 1240 daAuts
    D:10: 1192 daAuts
     D:1: 1136 daAuts
    D:13: 1124 daAuts
     D:6: 966 daAuts
